 Dungeon Crawl Stone Soup version 0.24.0-37-gcf1ca852f1 (webtiles) character file.

Game seed: 12614396071743562759, levelgen mode: deterministic

179 NochnoyZador the Firebug (level 5, 0/28 HPs)
             Began as a Gargoyle Fire Elementalist on Nov 24, 2019.
             Killed from afar by Sigmund (6 damage)
             ... with a magic dart
             ... on level 3 of the Dungeon.
             The game lasted 00:14:57 (2514 turns).

NochnoyZador the Firebug (GrFE)                     Turns: 2514, Time: 00:14:57

Health: 0/28       AC:  7    Str: 11    XL:     5   Next: 59%
Magic:  4/10       EV: 12    Int: 17    God:
Gold:   105        SH:  0    Dex: 10    Spells: 0/10 levels left

rFire    . . .     SeeInvis .   r - +0 whip (flame)
rCold    . . .     Gourm    .   (no shield)
rNeg     + + .     Faith    .   a - +0 robe
rPois    ∞         Spirit   .   n - +0 helmet
rElec    +         Reflect  .   j - scarf {cloud immunity}
rCorr    .         Harm     .   (no gloves)
MR       .....                  (no boots)
Stlth    ++........             (no amulet)
HPRegen  0.09/turn              b - ring of positive energy
MPRegen  0.12/turn              (no ring)

@: no status effects
A: negative energy resistance 1, electricity resistance, unbreathing,
petrification resistance, rot immunity, AC +4
a: no special abilities


You were on level 3 of the Dungeon.
You were not hungry.

You visited 1 branch of the dungeon, and saw 4 of its levels.

You collected 105 gold pieces.

Inventory:

Hand Weapons
 r - a +0 whip of flaming (weapon)
Missiles
 d - 99 stones (quivered)
Armour
 a - a +0 robe (worn)
 j - a scarf of cloud immunity (worn)
 n - a +0 helmet (worn)
Jewellery
 b - a ring of positive energy (left hand)
Wands
 m - a wand of random effects (12)
 q - a wand of polymorph (4)
Scrolls
 h - 3 scrolls of identify {unknown}
 k - a scroll of fog {unknown}
 o - 2 scrolls of amnesia {unknown}
 p - 2 scrolls of remove curse {unknown}
 s - a scroll of magic mapping {unknown}
Potions
 e - a potion of heal wounds
 f - a potion of mutation {unknown}
 g - a potion of magic {unknown}
 i - 2 potions of flight {unknown}
Comestibles
 c - 7 rations


   Skills:
 - Level 1.5 Dodging
 - Level 2.1 Stealth
 + Level 3.3 Spellcasting
 + Level 3.4 Conjurations
 + Level 4.2 Fire Magic


You couldn't memorise any spells.
You knew the following spells:

 Your Spells              Type           Power        Failure   Level  Hunger
a - Flame Tongue          Conj/Fire      ###..        3%          1    None
b - Throw Flame           Conj/Fire      ###...       5%          2    ##.....
c - Conjure Flame         Conj/Fire      ###.....     11%         3    ###....
d - Sticky Flame          Conj/Fire      ###.....     34%         4    ####...

Your spell library contained the following spells:

 Spells                   Type           Power        Failure   Level  Hunger
 Inner Flame              Hex/Fire       ##......     22%         3    ###....
 Fireball                 Conj/Fire      ###.......   67%         5    ######.


Dungeon Overview and Level Annotations

Branches:
Dungeon (4/15)
 Temple: D:4-7

Altars:

Annotations:
D:3 Sigmund
D:4 Ijyb


Innate Abilities, Weirdness & Mutations

You are resistant to torment.
Your stone body is resilient. (AC +4)
You are immune to poison.
You resist negative energy. (rN+)
You are resistant to electric shocks. (rElec)
You can survive without breathing.
You are immune to petrification.
You are immune to rotting.


Message History

You can't see any susceptible monsters within range! (Use Z to cast anyway.)
Casting: Flame Tongue (safe; 3% risk of failure)
Confirm with . or Enter, or press ? or * to list all spells.
Aiming: Flame Tongue (safe; 3% risk of failure)
Press: ? - help, Shift-Dir - straight line, f - you You hear some strange, mumbled words.
A puff of flame appears from out of thin air!
The puff of flame hits you.
Casting: Flame Tongue (safe; 3% risk of failure)
Confirm with . or Enter, or press ? or * to list all spells.
Aiming: Flame Tongue (safe; 3% risk of failure)
Press: ? - help, Shift-Dir - straight line, f - you The flame tongue hits something.
Something hits you!
A puff of flame appears from out of thin air!
The puff of flame hits you.
* * * LOW HITPOINT WARNING * * *
Your magical contamination has completely faded away.
A magic dart appears from out of thin air!
The magic dart hits you.
You die...

####### #.....# #...<.#
#..÷..# ##..)..#
###############......#
....................#
#........####......#
#........####@######
####.............#
#............#####
...####.#.####
.##.....#.# ....#####.##
..#######{.# ####
.......###.##### ...#
.#####...#.....##...###.


There were no monsters in sight!

Vanquished Creatures
  Terence (D:2)
  Natasha (D:3)
  Robin (D:2)
  3 gnolls (D:2)
  2 adders
  2 dart slugs
  A worm (D:2)
  3 leopard geckos
  3 giant cockroaches
  14 goblins
  6 hobgoblins
  10 bats
  7 frilled lizards
  4 kobolds
  8 rats
66 creatures vanquished.

Notes
Turn   | Place    | Note
-------+----------+-------------------------------------------
     0 | D:1      | NochnoyZador the Gargoyle Fire Elementalist began the quest
                  | for the Orb.
     0 | D:1      | Reached XP level 1. HP: 10/10 MP: 3/3
   166 | D:1      | Reached XP level 2. HP: 6/15 MP: 0/5
   555 | D:1      | Learned a level 2 spell: Throw Flame
  1146 | D:2      | Reached XP level 3. HP: 18/19 MP: 0/6
  1151 | D:2      | Learned a level 3 spell: Conjure Flame
  1291 | D:2      | Reached XP level 4. HP: 24/24 MP: 1/8
  1493 | D:2      | Noticed Robin
  1684 | D:2      | Killed Robin
  1729 | D:2      | You fall into a shaft and drop 2 floors!
  1841 | D:4      | Noticed Ijyb
  1970 | D:2      | Noticed Terence
  1998 | D:2      | Killed Terence
  1998 | D:2      | Reached skill level 4 in Fire Magic
  1998 | D:2      | Reached XP level 5. HP: 24/28 MP: 9/9
  2368 | D:2      | Learned a level 4 spell: Sticky Flame
  2398 | D:3      | Noticed Natasha
  2421 | D:3      | Killed Natasha
  2479 | D:3      | Noticed Sigmund
  2514 | D:3      | Killed from afar by Sigmund

Levels and vault maps discovered:
D:1:      co_arrival_random_square_maze, layout_rooms
D:2:      layout_basic, uniq_robin, uniq_terence
D:3:      layout_rooms, nicolae_ru_sacrificial_ziggurat, first_ration,
          minmay_goblin_kobold_house, uniq_natasha, uniq_sigmund
D:4:      layout_loops_ring, serial_shops, shop, minmay_quadrilaterals,
          uniq_ijyb

Skill      XL: |  1  2  3  4 |
---------------+-------------+-----
Conjurations   | 2 3 |  3.4
Spellcasting   | 3 |  3.3
Fire Magic     | 4 |  4.2
Dodging        | |  1.5
Stealth        | |  2.1

Action                   |  1- 3 |  4- 6 || total
-------------------------+-------+-------++-------
Melee: Club              |    53 |    56 ||   109
       Dagger            |     4 |       ||     4
       Unarmed           |     3 |    24 ||    27
       Whip              |       |    23 ||    23
 Cast: Flame Tongue      |    34 |    47 ||    81
       Throw Flame       |     2 |       ||     2
 Stab: Sleeping          |     2 |     2 ||     4
  Eat: Chunk             |     2 |     4 ||     6
Armor: Robe              |    32 |    52 ||    84
       Skin              |       |     2 ||     2
Dodge: Dodged            |    67 |    93 ||   160
